| TOP OF THE 1ST |
|
Winston-Salem Spirits batting - Pitching for Kinston Eagles : RHP Roger Doubleday
|
|
Pitching: RHP Roger Doubleday
|
|
|
Batting: SHB Mark Wiesler
|
0-0: Ground out 1-3 (Groundball, 15S, EV 65.6 MPH)
|
|
Batting: RHB Greg Griffin
|
0-0: Called Strike 0-1: Foul Ball, location: 2F 0-2: Ball 1-2: Foul Ball, location: 2F 1-2: Ball 2-2: Foul Ball, location: 2F 2-2: Ball 3-2: Foul Ball, location: 2F 3-2: Base on Balls
|
|
Batting: RHB Oscar Mejia
|
0-0: Ball 1-0: Foul Ball, location: 2F 1-1: Ball 2-1: Fly out, F8 (Flyball, 8LD, EV 103.1 MPH)
|
|
Batting: LHB Michael Ward
|
0-0: Fly out, F8 (Flyball, 8RM, EV 78.8 MPH)
|
| Top of the 1st over - 0 runs, 0 hits, 0 errors, 1 left on base; Winston-Salem 0 - Kinston 0 |
| BOTTOM OF THE 1ST |
|
Kinston Eagles batting - Pitching for Winston-Salem Spirits : LHP Bob Raftice
|
|
Pitching: LHP Bob Raftice
|
|
|
Batting: RHB Brad Wellman
|
0-0: SINGLE (Groundball, 3S, EV 69.4 MPH) (infield hit)
|
|
Batting: RHB Igor Roosendaal
|
0-0: Called Strike 0-1: Ball 1-1: Swinging Strike 1-2: Ball 2-2: Ball 3-2: Base on Balls Brad Wellman to second
|
|
Batting: RHB Wil Culmer
|
0-0: Called Strike 0-1: Reached via error on a dropped throw from SS, E4 (Groundball, 56, EV 83.8 MPH) Brad Wellman to third Igor Roosendaal to second
|
|
Batting: LHB Monte McAbee
|
0-0: Ball 1-0: Swinging Strike 1-1: Foul Ball, location: 2F 1-2: Ball 2-2: Fielders Choice at 2nd, 6-4 (Groundball, 6, EV 88.1 MPH) Brad Wellman scores Igor Roosendaal to third
|
|
Batting: RHB Juan Perez
|
0-0: Fly out, F4 (Flyball, 4D, EV 78.1 MPH)
|
|
Batting: LHB Eric Peyton
|
0-0: Ball 1-0: Ground out U3 (Groundball, 3, EV 81.3 MPH)
|
| Bottom of the 1st over - 1 run, 1 hit, 1 error, 2 left on base; Winston-Salem 0 - Kinston 1 |
| TOP OF THE 2ND |
|
Winston-Salem Spirits batting - Pitching for Kinston Eagles : RHP Roger Doubleday
|
|
Batting: RHB Elijah Ben
|
0-0: Ball 1-0: Foul Ball, location: 2F 1-1: Called Strike 1-2: Ball 2-2: Ball 3-2: Fly out, F7 (Flyball, 7S, EV 96.3 MPH)
|
|
Batting: RHB Larry Reasonover
|
0-0: Ball 1-0: Ball 2-0: Ball 3-0: Called Strike 3-1: Base on Balls
|
|
Batting: RHB Buddy Bailey
|
0-0: Ball 1-0: Called Strike 1-1: Grounds into double play, 6-4-3 (Groundball, 6, EV 79.4 MPH)
|
| Top of the 2nd over - 0 runs, 0 hits, 0 errors, 0 left on base; Winston-Salem 0 - Kinston 1 |
| BOTTOM OF THE 2ND |
|
Kinston Eagles batting - Pitching for Winston-Salem Spirits : LHP Bob Raftice
|
|
Batting: RHB Dave Hogg
|
0-0: Ball 1-0: Ball 2-0: Ball 3-0: Called Strike 3-1: Called Strike 3-2: Fly out, F7 (Flyball, 7S, EV 96.9 MPH)
|
|
Batting: RHB Guadalupe Garcia
|
0-0: Ball 1-0: Called Strike 1-1: Foul Ball, location: 2F 1-2: Foul Ball, location: 2F 1-2: Ball 2-2: Hit by Pitch
|
|
Batting: RHB Jose Valdez
|
0-0: Called Strike 0-1: Called Strike 0-2: Ball Guadalupe Garcia steals 2nd base 1-2: Strikes out swinging
|
|
Batting: RHB Brad Wellman
|
0-0: Fly out, F1 (Line Drive, P, EV 73.1 MPH)
|
| Bottom of the 2nd over - 0 runs, 0 hits, 0 errors, 1 left on base; Winston-Salem 0 - Kinston 1 |
| TOP OF THE 3RD |
|
Winston-Salem Spirits batting - Pitching for Kinston Eagles : RHP Roger Doubleday
|
|
Batting: RHB Ell Roberson
|
0-0: Ball 1-0: Ball 2-0: Called Strike 2-1: Ball 3-1: Foul Ball, location: 2F 3-2: Foul Ball, location: 2F 3-2: Foul Ball, location: 2F 3-2: Ground out 1-3 (Groundball, 13, EV 71.3 MPH)
|
|
Batting: RHB Venson Davis
|
0-0: Ball 1-0: Fly out, F9 (Flyball, 9S, EV 92.5 MPH)
|
|
Batting: SHB Mark Wiesler
|
0-0: Ball 1-0: Foul Ball, location: 2F 1-1: Ball 2-1: Ball 3-1: Swinging Strike 3-2: Base on Balls
|
|
Batting: RHB Greg Griffin
|
0-0: Called Strike 0-1: Ball 1-1: Ball 2-1: Fly out, F8 (Flyball, 8LD, EV 96.9 MPH)
|
| Top of the 3rd over - 0 runs, 0 hits, 0 errors, 1 left on base; Winston-Salem 0 - Kinston 1 |
| BOTTOM OF THE 3RD |
|
Kinston Eagles batting - Pitching for Winston-Salem Spirits : LHP Bob Raftice
|
|
Batting: RHB Igor Roosendaal
|
0-0: Foul Ball, location: 2F 0-1: Ball 1-1: Ball 2-1: Ball 3-1: Base on Balls
|
|
Batting: RHB Wil Culmer
|
0-0: Called Strike 0-1: Ball 1-1: Ground out 6-3 (Groundball, P, EV 91.3 MPH) Igor Roosendaal to second
|
|
Batting: LHB Monte McAbee
|
0-0: Ball 1-0: Foul Ball, location: 2F 1-1: Swinging Strike 1-2: Ball 2-2: Foul Ball, location: 2F 2-2: Foul Ball, location: 2F 2-2: Foul Ball, location: 2F 2-2: Fly out, F7 (Flyball, 7, EV 88.1 MPH)
|
|
Batting: RHB Juan Perez
|
0-0: Called Strike 0-1: Ball 1-1: Swinging Strike 1-2: Ball 2-2: Ground out U3 (Groundball, 3S, EV 88.8 MPH)
|
| Bottom of the 3rd over - 0 runs, 0 hits, 0 errors, 1 left on base; Winston-Salem 0 - Kinston 1 |
| TOP OF THE 4TH |
|
Winston-Salem Spirits batting - Pitching for Kinston Eagles : RHP Roger Doubleday
|
|
Batting: RHB Oscar Mejia
|
0-0: Called Strike 0-1: Ball 1-1: Ball 2-1: Ball 3-1: Called Strike 3-2: Foul Ball, location: 2F 3-2: Ground out 1-3 (Groundball, 34S, EV 60.6 MPH)
|
|
Batting: LHB Michael Ward
|
0-0: Foul Ball, location: 2F 0-1: Swinging Strike 0-2: Ball 1-2: Strikes out swinging
|
|
Batting: RHB Elijah Ben
|
0-0: Ball 1-0: Ball 2-0: Swinging Strike 2-1: Swinging Strike 2-2: Foul Ball, location: 2F 2-2: Ball 3-2: Fly out, F7 (Flyball, 7D, EV 90.6 MPH)
|
| Top of the 4th over - 0 runs, 0 hits, 0 errors, 0 left on base; Winston-Salem 0 - Kinston 1 |
| BOTTOM OF THE 4TH |
|
Kinston Eagles batting - Pitching for Winston-Salem Spirits : LHP Bob Raftice
|
|
Batting: LHB Eric Peyton
|
0-0: Ball 1-0: Swinging Strike 1-1: Swinging Strike 1-2: Ball 2-2: Foul Ball, location: 2F 2-2: Strikes out swinging
|
|
Batting: RHB Dave Hogg
|
0-0: Ball 1-0: SINGLE (Groundball, 4MD, EV 100.6 MPH)
|
|
Batting: RHB Guadalupe Garcia
|
0-0: Ball 1-0: Called Strike 1-1: Ball 2-1: Grounds into double play, 1-6-3 (Groundball, 13S, EV 67.5 MPH)
|
| Bottom of the 4th over - 0 runs, 1 hit, 0 errors, 0 left on base; Winston-Salem 0 - Kinston 1 |
| TOP OF THE 5TH |
|
Winston-Salem Spirits batting - Pitching for Kinston Eagles : RHP Roger Doubleday
|
|
Batting: RHB Larry Reasonover
|
0-0: Ball 1-0: SINGLE (Groundball, 56D, EV 95.0 MPH)
|
|
Batting: RHB Buddy Bailey
|
0-0: Ball 1-0: Ball 2-0: Called Strike 2-1: Bunt missed! 2-2: Ball 3-2: Fly out, F7 (Flyball, 7S, EV 95.0 MPH)
|
|
Batting: RHB Ell Roberson
|
0-0: Ground out U3 (Groundball, 3S, EV 61.3 MPH) Larry Reasonover to second
|
|
Batting: RHB Venson Davis
|
0-0: Ball 1-0: Ball 2-0: Fly out, F9 (Flyball, 9, EV 88.1 MPH)
|
| Top of the 5th over - 0 runs, 1 hit, 0 errors, 1 left on base; Winston-Salem 0 - Kinston 1 |
| BOTTOM OF THE 5TH |
|
Kinston Eagles batting - Pitching for Winston-Salem Spirits : LHP Bob Raftice
|
|
Batting: RHB Jose Valdez
|
0-0: Called Strike 0-1: SINGLE (Line Drive, 3D, EV 103.8 MPH)
|
|
Batting: RHB Brad Wellman
|
0-0: Called Strike 0-1: Ball 1-1: Foul Ball, location: 2F 1-2: Fly out, F9 (Flyball, 9S, EV 83.1 MPH)
|
|
Batting: RHB Igor Roosendaal
|
0-0: Ball 1-0: Fly out, F8 (Flyball, 8LM, EV 90.0 MPH)
|
|
Batting: RHB Wil Culmer
|
0-0: Called Strike 0-1: Ball 1-1: Ball 2-1: Ground out U3 (Groundball, 3S, EV 91.9 MPH)
|
| Bottom of the 5th over - 0 runs, 1 hit, 0 errors, 1 left on base; Winston-Salem 0 - Kinston 1 |
| TOP OF THE 6TH |
|
Winston-Salem Spirits batting - Pitching for Kinston Eagles : RHP Roger Doubleday
|
|
Batting: SHB Mark Wiesler
|
0-0: Ball 1-0: Foul Ball, location: 2F 1-1: Ball 2-1: SINGLE (Line Drive, 78S, EV 101.9 MPH)
|
|
Batting: RHB Greg Griffin
|
0-0: Called Strike 0-1: Ball 1-1: 2-RUN HOME RUN (Line Drive, 7D, EV 101.3 MPH), Distance : 372 ft
|
|
Batting: RHB Oscar Mejia
|
0-0: Ball 1-0: Foul Ball, location: 2F 1-1: Ball 2-1: Ground out 5-3 (Groundball, 5, EV 110.6 MPH)
|
|
Batting: LHB Michael Ward
|
0-0: Called Strike 0-1: Ball 1-1: DOUBLE (Line Drive, 8RXD, EV 110.6 MPH)
|
|
Batting: RHB Elijah Ben
|
0-0: 2-RUN HOME RUN (Flyball, 89XD, EV 100.6 MPH), Distance : 423 ft
|
|
Batting: RHB Larry Reasonover
|
0-0: Called Strike 0-1: Ball 1-1: Ball 2-1: Ball 3-1: Ground out U3 (Groundball, 13, EV 89.4 MPH)
|
|
Batting: RHB Buddy Bailey
|
0-0: Ball 1-0: Ball 2-0: Ball 3-0: Base on Balls
|
|
Batting: RHB Ell Roberson
|
0-0: Foul Ball, location: 2F 0-1: SINGLE (Groundball, 6D, EV 100.6 MPH) Buddy Bailey to second
|
|
Batting: RHB Venson Davis
|
0-0: Ball 1-0: Ball 2-0: Ball 3-0: Base on Balls Buddy Bailey to third Ell Roberson to second
|
|
Batting: SHB Mark Wiesler
|
0-0: Foul Ball, location: 2F 0-1: Ball 1-1: Ball 2-1: Ball 3-1: Base on Balls Buddy Bailey scores Ell Roberson to third Venson Davis to second
|
|
Batting: RHB Greg Griffin
|
0-0: Fielders Choice at 2nd, 6-4 (Groundball, 6, EV 98.8 MPH)
|
| Top of the 6th over - 5 runs, 5 hits, 0 errors, 3 left on base; Winston-Salem 5 - Kinston 1 |
| BOTTOM OF THE 6TH |
|
Kinston Eagles batting - Pitching for Winston-Salem Spirits : LHP Bob Raftice
|
|
Batting: LHB Monte McAbee
|
0-0: Called Strike 0-1: Ground out U3 (Groundball, 34, EV 90.6 MPH)
|
|
Batting: RHB Juan Perez
|
0-0: Ball 1-0: SINGLE (Flyball, 7S, EV 95.6 MPH)
|
|
Batting: LHB Eric Peyton
|
0-0: Ball 1-0: Foul Ball, location: 2F 1-1: Ball 2-1: Foul Ball, location: 2F 2-2: Fly out, F9 (Flyball, 9LD, EV 87.5 MPH) Runner from 1st tags up, SAFE at 2nd
|
|
Batting: RHB Dave Hogg
|
0-0: Ball 1-0: Ball 2-0: Foul Ball, location: 2F 2-1: Ball 3-1: Base on Balls
|
|
Batting: RHB Guadalupe Garcia
|
0-0: Ball 1-0: Reached on error, E6 (Groundball, 6, EV 78.1 MPH) Juan Perez to third Dave Hogg to second
|
|
Batting: RHB Jose Valdez
|
0-0: Foul Ball, location: 2F 0-1: Ground out 4-3 (Groundball, 4, EV 109.4 MPH)
|
| Bottom of the 6th over - 0 runs, 1 hit, 1 error, 3 left on base; Winston-Salem 5 - Kinston 1 |
| TOP OF THE 7TH |
|
Winston-Salem Spirits batting - Pitching for Kinston Eagles : RHP Roger Doubleday
|
|
Batting: RHB Oscar Mejia
|
0-0: Ball 1-0: Called Strike 1-1: Ground out 6-3 (Groundball, 6, EV 89.4 MPH)
|
|
Batting: LHB Michael Ward
|
0-0: Foul Ball, location: 2F 0-1: Ball 1-1: Ground out 4-3 (Groundball, 4S, EV 88.8 MPH)
|
|
Batting: RHB Elijah Ben
|
0-0: Ball 1-0: Ball 2-0: Fly out, F7 (Line Drive, 7D, EV 90.0 MPH)
|
| Top of the 7th over - 0 runs, 0 hits, 0 errors, 0 left on base; Winston-Salem 5 - Kinston 1 |
| BOTTOM OF THE 7TH |
|
Kinston Eagles batting - Pitching for Winston-Salem Spirits : LHP Bob Raftice
|
|
Batting: RHB Brad Wellman
|
0-0: Ball 1-0: Called Strike 1-1: Fly out, F9 (Flyball, 9D, EV 92.5 MPH)
|
|
Batting: RHB Igor Roosendaal
|
0-0: Fly out, F8 (Line Drive, 8LD, EV 90.6 MPH)
|
|
Batting: RHB Wil Culmer
|
0-0: Ball 1-0: Called Strike 1-1: SINGLE (Line Drive, 5D, EV 99.4 MPH)
|
|
Batting: LHB Monte McAbee
|
0-0: Ball 1-0: Called Strike 1-1: DOUBLE (Groundball, 3D, EV 105.6 MPH) Wil Culmer to third Runner from 3rd tries for Home, SAFE, throw by RF to home
|
|
Batting: RHB Juan Perez
|
0-0: Called Strike 0-1: SINGLE (Line Drive, 9S, EV 103.1 MPH) Monte McAbee to third Runner from 3rd tries for Home, SAFE, throw by RF to home
|
|
Batting: LHB Eric Peyton
|
0-0: Foul Ball, location: 2F 0-1: Swinging Strike 0-2: Foul Ball, location: 2F 0-2: Strikes out swinging
|
| Bottom of the 7th over - 2 runs, 3 hits, 0 errors, 1 left on base; Winston-Salem 5 - Kinston 3 |
| TOP OF THE 8TH |
|
Winston-Salem Spirits batting - Pitching for Kinston Eagles : RHP Roger Doubleday
|
|
Pitching: RHP Tommy Alexander
|
|
|
Batting: RHB Larry Reasonover
|
0-0: Called Strike 0-1: Foul Ball, location: 2F 0-2: Ball 1-2: Ball 2-2: Foul Ball, location: 2F 2-2: SINGLE (Flyball, 3D, EV 93.1 MPH)
|
|
Batting: RHB Buddy Bailey
|
0-0: Ball 1-0: Ball 2-0: Called Strike 2-1: Grounds into double play, 6-4-3 (Groundball, 6, EV 98.8 MPH)
|
|
Batting: RHB Ell Roberson
|
0-0: Swinging Strike 0-1: Swinging Strike 0-2: Ball 1-2: Foul Ball, location: 2F 1-2: Foul Ball, location: 2F 1-2: Strikes out looking
|
| Top of the 8th over - 0 runs, 1 hit, 0 errors, 0 left on base; Winston-Salem 5 - Kinston 3 |
| BOTTOM OF THE 8TH |
|
Kinston Eagles batting - Pitching for Winston-Salem Spirits : LHP Bob Raftice
|
|
Batting: RHB Dave Hogg
|
0-0: Ball 1-0: Foul Ball, location: 2F 1-1: Foul Ball, location: 2F 1-2: Ball 2-2: Foul Ball, location: 2F 2-2: Ball 3-2: Ground out 1-6-3 (Groundball, 15S, EV 102.5 MPH)
|
|
Batting: RHB Guadalupe Garcia
|
0-0: Ball 1-0: Ball 2-0: Ball 3-0: Base on Balls
|
|
Batting: RHB Jose Valdez
|
0-0: Swinging Strike 0-1: Ground out 6-3 (Groundball, 6S, EV 69.4 MPH) Guadalupe Garcia to second
|
|
Batting: RHB Brad Wellman
|
0-0: Fly out, F4 (Line Drive, 4, EV 68.8 MPH)
|
| Bottom of the 8th over - 0 runs, 0 hits, 0 errors, 1 left on base; Winston-Salem 5 - Kinston 3 |
| TOP OF THE 9TH |
|
Winston-Salem Spirits batting - Pitching for Kinston Eagles : RHP Tommy Alexander
|
|
Batting: RHB Venson Davis
|
0-0: Called Strike 0-1: Ball 1-1: SINGLE (Groundball, 34D, EV 95.6 MPH)
|
|
Batting: SHB Mark Wiesler
|
0-0: 2-RUN HOME RUN (Flyball, 9LD, EV 94.4 MPH), Distance : 345 ft
|
|
Batting: RHB Greg Griffin
|
0-0: Swinging Strike 0-1: Ball 1-1: Called Strike 1-2: Strikes out swinging, 2-3 out at first.
|
|
Batting: RHB Oscar Mejia
|
0-0: Called Strike 0-1: Ball 1-1: Fly out, F9 (Line Drive, 9, EV 95.6 MPH)
|
|
Batting: LHB Michael Ward
|
0-0: Foul Ball, location: 2F 0-1: Ball 1-1: Swinging Strike 1-2: Ball 2-2: Foul Ball, location: 2F 2-2: Foul Ball, location: 2F 2-2: Foul Ball, location: 2F 2-2: Fly out, F9 (Line Drive, 9, EV 90.0 MPH)
|
| Top of the 9th over - 2 runs, 2 hits, 0 errors, 0 left on base; Winston-Salem 7 - Kinston 3 |
| BOTTOM OF THE 9TH |
|
Kinston Eagles batting - Pitching for Winston-Salem Spirits : LHP Bob Raftice
|
|
Batting: RHB Igor Roosendaal
|
0-0: Called Strike 0-1: Called Strike 0-2: Strikes out swinging, 2-3 out at first.
|
|
Pitching: RHP Craig Bricker
|
|
|
Batting: RHB Wil Culmer
|
0-0: Ball 1-0: Ball 2-0: Ball 3-0: Called Strike 3-1: Foul Ball, location: 2F 3-2: Foul Ball, location: 2F 3-2: Ground out 5-3 (Groundball, 56S, EV 76.9 MPH)
|
|
Batting: LHB Monte McAbee
|
0-0: Foul Ball, location: 2F 0-1: Ball 1-1: Ground out 4-3 (Groundball, 13, EV 90.0 MPH)
|
| Bottom of the 9th over - 0 runs, 0 hits, 0 errors, 0 left on base; Winston-Salem 7 - Kinston 3 |
|